Description

So easy, Joe Biden can do it

https://www.twitch.tv/videos/2200134971?t=0h40m34s

VOD

https://www.twitch.tv/videos/2200134971?t=0h40m34s

Replay - 2024-07-17 - (T)UpATree VS (P)boanaan

Build Order

Get SALT Encoding   

  12  0:00  Probe  
  13  0:13  Probe  
  14  0:18  Pylon  
  14  0:25  Probe  
  15  0:37  Forge  
  15  0:39  Probe  
  16  0:51  Probe  
  17  0:59  Pylon  
  17  1:03  Probe  
  18  1:17  Photon Cannon  
  18  1:18  Gateway  
  18  1:23  Probe (Chrono Boost)  
  19  1:26  Assimilator  
  20  1:33  Probe (Chrono Boost)  
  20  1:35  Assimilator  
  20  1:38  Probe (Chrono Boost)  
  21  1:49  Probe  
  22  1:55  Photon Cannon  
  21  2:05  Zealot (Chrono Boost)  
  23  2:15  Cybernetics Core  
  26  2:53  Stargate  
  26  2:56  Shield Battery x3  
  26  3:00  Stalker  
  28  3:07  Pylon  
  26  3:17  Pylon  
  26  3:39  Void Ray (Chrono Boost)  
  30  3:46  Shield Battery  
  30  4:07  Fleet Beacon  
  30  4:15  Shield Battery  
  30  4:30  Zealot  
  33  4:35  Pylon  
  33  4:51  Carrier (Chrono Boost)  
  39  5:00  Stalker  
  41  5:13  Nexus  
Spawning Tool Build Advisor. Get it on Overwolf

Analysis

Thanks to twitch.tv/Upatree LOL

Go to:

Details

  • Created by: BobbyMobby
  • Published on: Jul 17, 2024
  • Modified on: Jul 18, 2024
  • Patch: 5.0.11
  • Difficulty: Easy
Show
View Real Time Build Order
Export as new Build Order

Comments (0)

There are no comments. Be the first!

Create an account to comment!